 Dungeon Crawl Stone Soup version 0.28-a0-697-g47f3eba078 (webtiles) character file.

Game seed: 3537832377352412715

417053 shoop the Cryomancer (level 23, 0/190 HPs)
             Began as a Barachi Warper on Oct 23, 2021.
             Was an Initiate of Gozag.
             Killed from afar by a war gargoyle (46 damage)
             ... with a spray of metal splinters
             ... led by a peacekeeper
             ... on level 4 of the Vaults on Oct 30, 2021.
             The game lasted 05:29:58 (57052 turns).

shoop the Cryomancer (Barachi Warper)              Turns: 57052, Time: 05:30:05

Health: 0/190      AC: 22    Str: 13    XL:     23   Next: 63%
Magic:  27/44      EV: 17    Int: 27    God:    Gozag
Gold:   14601      SH:  8    Dex: 17    Spells: 19/56 levels left

rFire   . . .      SeeInvis .   a - +9 sword of Zonguldrok {reap}
rCold   + + .      Faith    .   J - +0 buckler
rNeg    . . .      Spirit   .   s - +5 ring mail "Ubrumu" {rElec rPois Slay+2 Stlth-}
rPois   +          Reflect  .   e - +0 helmet "Biuher" {Fly rC+ Slay+2}
rElec   +          Harm     .   o - +2 cloak {Stlth+}
rCorr   .          Rampage  .   f - +2 pair of gloves {archery}
Will    ++...                   G - +2 pair of boots "Itomp" {+Inv Regen+}
Stlth   ++........              p - amulet of the acrobat
HPRegen 1.41/turn               t - ring of Koifeese {+Blink Will+ Dex+2}
MPRegen 0.29/turn               A - ring "Rauged" {Contam rElec rC+ Int+4 Dex+3}

@: unable to hop, flying, slightly contaminated, studying 2 skills, slow
A: amphibious, slowness 1, strong legs 2, +LOS
}: 2/15 runes: decaying, serpentine
a: Hop, Renounce Religion, Evoke Blink, Evoke Invisibility, Potion Petition,
Call Merchant, Bribe Branch


You were on level 4 of the Vaults.
You worshipped Gozag.
Gozag was extremely pleased with you.
You visited 8 branches of the dungeon, and saw 39 of its levels.
You visited 1 bazaar.
You also visited: Trove and Ice Cave.

You collected 18692 gold pieces.
You spent 4025 gold pieces at shops.
You paid 66 gold pieces to Gozag.

Inventory:

Hand Weapons
 a - the +9 sword of Zonguldrok (weapon) {reap}
   (You acquired it on level 1 of the Lair of Beasts)

   Any living foe damaged by it may be reanimated upon death as a zombie
   friendly to the wielder, with an increasing chance as more damage is dealt.
Missiles
 d - 5 boomerangs of dispersal (quivered)
Armour
 e - the +0 helmet "Biuher" (worn) {Fly rC+ Slay+2}
   (You found it on level 1 of the Vaults)

   Slay:      It affects your accuracy & damage with ranged weapons and melee
   (+2).
   rC:        It protects you from cold.
   Fly:       It grants you flight.
 f - a +2 pair of gloves of archery (worn)
 o - a +2 cloak of stealth (worn)
 s - the +5 ring mail "Ubrumu" (worn) {rElec rPois Slay+2 Stlth-}
   (You found it on level 4 of the Swamp)

   Slay:      It affects your accuracy & damage with ranged weapons and melee
   (+2).
   rElec:     It insulates you from electricity.
   rPois:     It protects you from poison.
   Stlth:     It makes you less stealthy.
 G - the +2 pair of boots "Itomp" (worn) {+Inv Regen+}
   (You bought it in a shop on level 5 of the Dungeon)

   +Inv:      It lets you turn invisible.
   Regen:     It increases your rate of health regeneration.
 J - a +0 buckler (worn)
Jewellery
 b - the ring "Holitot" {Fire rPois MP+9 Str+4 Dex+4}
   (You found it on level 3 of the Swamp)

   [ring of fire]

   It enhances your fire magic.
   Str:       It affects your strength (+4).
   Dex:       It affects your dexterity (+4).
   rF:        It protects you from fire.
   rC:        It makes you vulnerable to cold.
   rPois:     It protects you from poison.
   MP:        It affects your magic capacity (+9).
 k - a ring of ice
 p - an amulet of the acrobat (around neck)
 t - the ring of Koifeese (left hand) {+Blink Will+ Dex+2}
   (You found it in an ice cave)

   [ring of willpower]

   Dex:       It affects your dexterity (+2).
   +Blink:    It lets you blink.
   Will:      It increases your willpower.
 u - the ring "Qaciez" {rPois rC- Str+6 Int+10 Dex-4}
   (You took it off a deep elf pyromancer on level 1 of the Elven Halls)

   [ring of strength]

   Str:       It affects your strength (+6).
   Int:       It affects your intelligence (+10).
   Dex:       It affects your dexterity (-4).
   rC:        It makes you vulnerable to cold.
   rPois:     It protects you from poison.
 x - the ring of Spite {rElec rN+ Dex-3 SInv}
   (You took it off a deep elf knight on level 1 of the Elven Halls)

   [ring of positive energy]

   Dex:       It affects your dexterity (-3).
   rElec:     It insulates you from electricity.
   rN:        It protects you from negative energy.
   SInv:      It lets you see invisible.
 A - the ring "Rauged" (right hand) {Contam rElec rC+ Int+4 Dex+3}
   (You took it off an orc warlord on level 11 of the Dungeon)

   [ring of protection from cold]

   Int:       It affects your intelligence (+4).
   Dex:       It affects your dexterity (+3).
   rC:        It protects you from cold.
   rElec:     It insulates you from electricity.
   Contam:    It causes magical contamination when unequipped.
 L - the ring "Pesysea" {Wiz Dex+2 Stlth+}
   (You took it off a deep elf high priest on level 3 of the Elven Halls)

   [ring of wizardry]

   It improves your spell success rate.
   Dex:       It affects your dexterity (+2).
   Stlth:     It makes you more stealthy.
 N - the ring of Zailieha {rPois Will+ MP+9 Str+3 Slay-4}
   (You bought it in a shop on level 3 of the Snake Pit)

   [ring of magical power]

   Str:       It affects your strength (+3).
   Slay:      It affects your accuracy & damage with ranged weapons and melee
   (-4).
   rPois:     It protects you from poison.
   MP:        It affects your magic capacity (+9).
   Will:      It increases your willpower.
 R - a ring of flight
 T - the ring "Qano" {rPois rF+ rN+ Str+6}
   (You took it off an orc warrior on level 1 of the Orcish Mines)

   [ring of strength]

   Str:       It affects your strength (+6).
   rF:        It protects you from fire.
   rPois:     It protects you from poison.
   rN:        It protects you from negative energy.
Wands
 m - a wand of digging (11)
 r - a wand of iceblast (46)
 v - a wand of polymorph (16)
 I - a wand of mindburst (58)
 Q - a wand of acid (30)
 S - a wand of paralysis (24)
Scrolls
 c - 5 scrolls of vulnerability
 h - 9 scrolls of magic mapping
 l - 20 scrolls of teleportation
 C - 5 scrolls of blinking
 D - 4 scrolls of fog
 M - 2 scrolls of identify
 O - 4 scrolls of immolation
 P - 2 scrolls of silence
 U - 2 scrolls of holy word
 V - a scroll of summoning
Potions
 g - 2 potions of invisibility
 j - 3 potions of heal wounds
 n - 3 potions of magic
 q - 2 potions of haste
 z - 18 potions of curing
 B - 10 potions of might
 F - 6 potions of resistance
 H - 4 potions of brilliance
 W - 3 potions of cancellation
 X - 5 potions of flight
 Y - 3 potions of lignification
Miscellaneous
 i - a box of beasts
 w - a phial of floods
 y - a lightning rod (4/4)
 E - a condenser vane
 K - a phantom mirror
 Z - a tin of tremorstones (2/2)


   Skills:
 - Level 18.2 Fighting
 - Level 16.0 Long Blades
 - Level 1.0 Throwing
 - Level 6.0 Armour
 - Level 13.0 Dodging
 - Level 5.0 Stealth
 + Level 12.6 Shields
 - Level 17.0 Spellcasting
 - Level 6.1 Conjurations
 - Level 7.0 Hexes
 - Level 4.0 Translocations
 - Level 2.0 Transmutations
 - Level 25.0 Ice Magic
 - Level 7.0 Air Magic
 - Level 2.0 Earth Magic
 - Level 5.0 Evocations


You had 19 spell levels left.
You knew the following spells:

 Your Spells              Type           Power      Damage    Failure   Level
a - Frozen Ramparts       Ice            100%       1d12      0%          3
b - Blink                 Tloc           N/A        N/A       1%          2
c - Lesser Beckoning      Tloc           44%        N/A       2%          3
d - Freezing Cloud        Conj/Ice/Air   37%        6-21      1%          5
e - Silence               Hex/Air        28%        N/A       6%          5
f - Polar Vortex          Ice            51%        N/A       14%         9
m - Metabolic Englaciati  Hex/Ice        41%        N/A       1%          5
p - Passwall              Tmut/Erth      27%        N/A       2%          2
s - Swiftness             Air            57%        N/A       1%          3

Your spell library contained the following spells:

 Spells                   Type           Power      Damage    Failure   Level
 Freeze                   Ice            100%       1d11      0%          1
 Ensorcelled Hibernation  Hex/Ice        100%       N/A       0%          2
 Apportation              Tloc           88%        N/A       1%          1
 Slow                     Hex            57%        N/A       1%          2
 Static Discharge         Conj/Air       55%        N/A       1%          2
 Confusing Touch          Hex            57%        N/A       1%          3
 Portal Projectile        Hex/Tloc       100%       N/A       1%          3
 Tukima's Dance           Hex            57%        N/A       1%          3
 Hailstorm                Conj/Ice       82%        3d17      1%          4
 Ice Form                 Ice/Tmut       77%        N/A       1%          4
 Summon Ice Beast         Ice/Summ       74%        N/A       1%          4
 Gell's Gravitas          Tloc           22%        N/A       2%          3
 Stone Arrow              Conj/Erth      88%        3d12      2%          3
 Teleport Other           Tloc           44%        N/A       2%          3
 Airstrike                Air            28%        N/A       2%          4
 Cause Fear               Hex            28%        N/A       2%          4
 Inner Flame              Hex/Fire       41%        N/A       3%          3
 Simulacrum               Ice/Necr       37%        N/A       3%          6
 Leda's Liquefaction      Hex/Erth       23%        N/A       6%          4
 Lightning Bolt           Conj/Air       27%        1d44      8%          5
 Spider Form              Tmut/Pois      14%        N/A       9%          3
 Summon Lightning Spire   Summ/Air       41%        N/A       10%         4
 Iskenderun's Battlesphe  Conj           54%        2d10      10%         5
 Call Canine Familiar     Summ           22%        N/A       12%         3
 Petrify                  Tmut/Erth      33%        N/A       19%         4
 Yara's Violent Unravell  Hex/Tmut       23%        3d10      19%         5
 Manifold Assault         Tloc           44%        N/A       22%         5
 Animate Armour           Summ/Erth      56%        N/A       26%         4
 Invisibility             Hex            28%        N/A       34%         6
 Animate Dead             Necr           11%        N/A       38%         4
 Conjure Ball Lightning   Conj/Air       27%        3x3d8     41%         6
 Lee's Rapid Deconstruct  Erth           16%        3d11*     45%         5
 Alistair's Intoxication  Tmut/Pois      18%        N/A       58%         5
 Iron Shot                Conj/Erth      22%        9d5       77%         6
 Statue Form              Tmut/Erth      22%        N/A       95%         6
 Dragon Form              Tmut           16%        N/A       100%        7
 Haunt                    Necr/Summ      11%        N/A       100%        7
 Malign Gateway           Summ/Tloc      16%        N/A       100%        7
 Spellforged Servitor     Conj/Summ      19%        N/A       100%        7
 Discord                  Hex            28%        N/A       100%        8
 Infestation              Necr           11%        N/A       100%        8
 Lehudib's Crystal Spear  Conj/Erth      22%        10d6      100%        8
 Summon Horrible Things   Summ           11%        N/A       100%        8
 Dragon's Call            Summ           11%        N/A       100%        9


Dungeon Overview and Level Annotations

Branches:
Dungeon (15/15)            Temple (1/1) D:4            Lair (6/6) D:10
  Swamp (4/4) Lair:4        Snake (4/4) Lair:2        Slime (0/5) Lair:5
    Orc (2/2) D:11            Elf (3/3) Orc:2        Vaults (4/5) D:13
  Crypt (0/3) Vaults:3     Depths (0/4) D:15          IceCv (visited)

Altars:
Ashenzari
Cheibriados
Dithmenos
Elyvilon
Fedhas
Gozag
Hepliaklqana
Kikubaaqudgha
Makhleb
Nemelex Xobeh
Okawaru
Qazlal
Ru
Sif Muna
Trog
Uskayaw
Vehumet
Wu Jian
Xom
Yredelemnul
Zin
The Shining One

Shops:
D:5 [(**   Orc:2 !?:(   Elf:1 *   Elf:2 ([!   Elf:3 *   Snake:3 =:   Vaults:2 *
Vaults:4 [*

Portals:
Abyss: D:15
Pandemonium: Orc:2

Annotations:
Lair:1 exclusion: 2 hydras
Lair:2 exclusion: hydra
Swamp:3 3 runed translucent doors, Racryxty's ghost, adept MiBe
Snake:1 3 runed translucent doors, Mlioglotl; Thraspic's ghost, journeyman SpDe
Elf:2 3 runed translucent doors
Elf:3 1 exclusion
Vaults:3 Mennas


Innate Abilities, Weirdness & Mutations

You are amphibious.
You cover ground slowly.
You can hop long distances.
You have an extended range of vision and can be seen from far away.


Message History

Confirm with . or Enter, or press ? or * to list all spells.
You miscast Polar Vortex.
You are very lightly contaminated with residual magic.
A chill runs through your body! You resist.
The war gargoyle launches metal splinters at you.
The spray of metal splinters misses you.
You block the war gargoyle's attack.
Casting: Polar Vortex (dangerous; 14% risk of failure)
Confirm with . or Enter, or press ? or * to list all spells.
You miscast Polar Vortex.
You are lightly contaminated with residual magic.
A chill runs through your body! You resist.
You block the war gargoyle's attack.
You hit the war gargoyle.
The war gargoyle is lightly damaged.
The war gargoyle launches metal splinters at you.
The spray of metal splinters hits you.
You slash the war gargoyle!
The war gargoyle is moderately damaged.
The war gargoyle launches metal splinters at you.
The spray of metal splinters misses you.
You hit the war gargoyle but do no damage.
The war gargoyle is moderately damaged.
You block the war gargoyle's attack.
You hit the war gargoyle.
The war gargoyle is moderately damaged.
The war gargoyle closely misses you.
You barely miss the war gargoyle.
The war gargoyle is moderately damaged.
The war gargoyle hits you with a +0 dire flail!!
* * * LOW HITPOINT WARNING * * *
Unknown command.
Unknown command.
Hop to where?
Press: ? - help, Dir - move target Boing!
The war gargoyle launches metal splinters at you.
The spray of metal splinters hits you!!!
You die...
Your body crumbles into a pile of gold.

* *,,*,,#..####..# #... *
*,,,,,#........# #... *
**,,,**#...$..#* #...
###########'#####################
#................................
#...........9...(................
'...........○....................
#.........?......................
#...............@................
#.....#############''############
#.....# #.......# #.....#
#.......###* ## #.....#
#.).....+..###. #.....#
#.......#..'.'. +.....#
#.......####'#. #.....#
#.......##.'.##
#.....#***********#.......#####.+


You could see a war gargoyle (strong, catching breath).

Vanquished Creatures
  An ancient lich (Vaults:3)
  Margery (Vaults:3)
  Asterion (Vaults:1)
  A titan (Vaults:3)
  An ancient champion (Vaults:3)
  2 deep elf blademasters (Elf:3)
  2 deep elf master archers (Elf:3)
  A thorn hunter (Swamp:3)
  A sphinx (Vaults:3)
  Agnes (Snake:4)
  Kirke (D:14)
  A tengu reaver (Vaults:3)
  A nagaraja (Snake:4)
  5 deep elf sorcerers
  10 vault wardens
  3 orc warlords
  4 deep elf elementalists (Elf:3)
  The ghost of Ruqebled the Thaumaturge, a journeyman DjFE of Gozag (D:15)
  Aizul (Lair:2)
  5 very ugly things
  40 slime creatures
  9 ironbound preservers
  A vampire knight (Vaults:3)
  12 dire elephants
  3 deep elf demonologists (Elf:3)
  6 bunyips
  6 deep elf annihilators
  Snorg (Orc:2)
  5 deep elf death magi
  2 eleionomae
  4 shambling mangroves
  A crystal guardian (Vaults:4)
  9 deep elf high priests (Elf:3)
  A great orb of eyes (Vaults:4)
  Josephine (Orc:1)
  8 vault guards
  5 yaktaur captains
  2 ironbound thunderhulks (Vaults:2)
  A peacekeeper (Vaults:4)
  A salamander tyrant (Snake:4)
  12 naga warriors
  5 ice dragons (IceCv)
  5 boulder beetles
  A death knight (Vaults:3)
  9 hydras
  10 centaur warriors
  7 ironbound frosthearts
  4 ghost crabs (Swamp:4)
  10 alligators
  2 demonspawn (Orc:2)
  3 catoblepae
  20 anacondas
  6 two-headed ogres
  4 tengu warriors
  11 death yaks (Lair:6)
  A hell hog (D:15)
  6 orc high priests
  18 naga sharpshooters
  4 hell knights (Vaults:3)
  9 shock serpents
  9 deep elf knights
  6 salamander mystics
  A fire crab (Lair:5)
  A death drake (Swamp:4)
  4 skeletal warriors (D:15)
  17 deep trolls
  A goliath frog (Swamp:1)
  A glowing orange brain (shapeshifter) (D:14)
  2 glowing orange brains
  A spriggan druid (Swamp:1)
  11 deep elf archers
  10 ironbound convokers
  2 phantasmal warriors (Swamp:4)
  8 wizards
  4 swamp dragons
  5 bog bodies
  A lindwurm (shapeshifter) (Vaults:4)
  8 naga ritualists
  An orange crystal statue (IceCv)
  A necromancer (Vaults:3)
  5 spectral hydras (Swamp:4)
  7 lindwurms
  11 orc knights
  23 deep elf pyromancers
  23 ugly things
  A wolf spider (D:15)
  21 deep elf zephyrmancers
  17 mana vipers
  5 harpies (Vaults:1)
  11 orc sorcerers
  5 cyclopes
  15 salamanders
  2 will-o-the-wisps
  6 elephants (Lair:6)
  The ghost of Figureslego113 the Skirmisher, a novice OgTm (D:5)
  4 manticores
  Maurice (D:8)
  9 guardian serpents
  14 vault sentinels
  A rust devil (Orc:2)
  50 black mambas
  An orange demon (Orc:2)
  13 naga magi
  A gargoyle (D:10)
  A rime drake (Lair:6)
  2 storm dragon simulacra (IceCv)
  Psyche (D:12)
  4 swamp worm zombies (Swamp:4)
  31 yaktaurs
  14 cane toads
  2 tengu conjurers (D:13)
  9 komodo dragons
  2 ice devils (Orc:2)
  5 golden dragon simulacra (IceCv)
  2 freezing wraiths (Snake:2)
  5 hydra zombies (Swamp:4)
  5 polar bears
  A bloated husk (Swamp:2)
  7 trolls
  9 tyrant leeches
  16 hornets
  2 spectral swamp dragons (Swamp:4)
  A wolf spider simulacrum (D:14)
  A raiju (D:15)
  25 blink frogs
  4 dream sheep (Lair:5)
  An alligator zombie (Swamp:4)
  5 air elementals
  2 vampires
  9 wraiths
  5 water elementals
  2 fire elementals
  8 basilisks
  2 hogs (D:14)
  13 spriggans
  15 yaks
  Eustachio (D:6)
  A human (shapeshifter) (D:15)
  10 vampire mosquitoes
  A chaos spawn (Orc:2)
  7 wargs
  11 swamp worms
  48 nagas
  An acid dragon (D:9)
  12 water moccasins
  44 orc warriors
  A swamp drake (Swamp:3)
  3 ice beasts
  A necrophage (D:6)
  7 ice dragon simulacra (IceCv)
  A sky beast (D:5)
  9 ogres
  2 swamp dragon zombies (Swamp:4)
  8 black bears
  3 boggarts (Lair:6)
  19 wolves
  11 centaurs
  8 phantoms (Swamp:4)
  4 kobold brigands
  12 bullfrogs
  2 gnoll sergeants
  An earth elemental (Elf:1)
  3 scorpions
  2 water moccasin skeletons
  7 killer bees
  7 lindwurm simulacra (IceCv)
  4 wights (D:6)
  6 electric eels
  2 bullfrog zombies
  3 quasits (D:5)
  A centaur zombie (D:8)
  5 hounds
  3 centaur skeletons
  23 orc priests
  A bullfrog skeleton (D:6)
  2 jellies
  3 gnoll shamans
  2 iguanas
  19 orc wizards
  A spectral swamp drake (Swamp:4)
  A howler monkey zombie (D:10)
  24 gnolls
  A howler monkey skeleton (D:4)
  3 adders
  2 shadow imps
  A white imp (D:5)
  An ufetubus (D:6)
  An adder skeleton (D:4)
  2 worms (D:2)
  A dart slug (D:3)
  80 orcs
  3 ball pythons
  6 bats
  10 endoplasms
  4 giant cockroaches
  7 goblins
  5 hobgoblins
  6 jackals
  3 quokkas
  6 frilled lizards
  24 kobolds
  9 rats
  A lurking horror (D:15)
1384 creatures vanquished.

Vanquished Creatures (others)
  18 dancing weapons
  2 bloated husks
  A large abomination (D:15)
  8 foxfires
  79 fungi
  136 plants
244 creatures vanquished.

Grand Total: 1628 creatures vanquished

Notes
Turn   | Place    | Note
-------+----------+-------------------------------------------
     0 | D:1      | shoop the Barachi Warper began the quest for the Orb.
     0 | D:1      | Reached XP level 1. HP: 17/17 MP: 3/3
   164 | D:1      | Reached skill level 1 in Stealth
   261 | D:1      | Reached XP level 2. HP: 8/23 MP: 5/5
  1249 | D:1      | Found a faded altar of an unknown god.
  1372 | D:1      | Learned a level 2 spell: Blink
  1385 | D:1      | Reached XP level 3. HP: 28/28 MP: 6/6
  1536 | D:2      | Reached skill level 1 in Ice Magic
  1697 | D:2      | Learned a level 3 spell: Frozen Ramparts
  1921 | D:2      | Reached skill level 2 in Ice Magic
  2252 | D:3      | Reached XP level 4. HP: 34/34 MP: 1/7
  2423 | D:3      | Reached skill level 3 in Ice Magic
  2548 | D:3      | Found an iron altar of Okawaru.
  2581 | D:3      | Found a glowing silver altar of Zin.
  2645 | D:3      | You fall into a shaft and drop 2 floors!
  2645 | D:5      | Entered Level 5 of the Dungeon
  2668 | D:5      | Reached skill level 4 in Ice Magic
  2902 | D:5      | Noticed a black bear
  2919 | D:5      | Killed a black bear
  2920 | D:5      | Reached skill level 1 in Evocations
  2920 | D:5      | Reached XP level 5. HP: 29/39 MP: 3/8
  3005 | D:5      | Identified the +3 leather armour "Huteyvep" {rPois rCorr
                  | Dex+4}
  3061 | D:5      | Found Komienou's Antique Armour Emporium.
  3061 | D:5      | Found Taguon's General Store.
  3063 | D:5      | Found Vuzoemam's Weapon Shop.
  3151 | D:4      | Reached skill level 5 in Ice Magic
  3151 | D:4      | Reached XP level 6. HP: 31/46 MP: 0/9
  3689 | D:3      | Found a hide-covered altar of Uskayaw.
  4089 | D:4      | Found a basalt altar of Yredelemnul.
  4281 | D:4      | Reached XP level 7. HP: 52/52 MP: 9/13
  4431 | D:4      | Found a staircase to the Ecumenical Temple.
  4448 | Temple   | Entered the Ecumenical Temple
  4578 | Temple   | Became a worshipper of Gozag Ym Sagoz the Greedy
  5132 | D:5      | Found a sparkling altar of Nemelex Xobeh.
  5268 | D:5      | Found Icuph's Elemental Accessories.
  5289 | D:5      | Reached skill level 5 in Long Blades
  5374 | D:5      | Found a transporter.
  5374 | D:5      | Noticed Figureslego113's ghost (novice OgTm)
  5476 | D:5      | Found a transporter.
  5798 | D:6      | Reached XP level 8. HP: 36/58 MP: 9/14
  5831 | D:5      | Bought a +2 long sword of electrocution for 248 gold pieces
  6132 | D:6      | Noticed Eustachio
  6155 | D:6      | Killed Eustachio
  6735 | D:6      | Reached skill level 10 in Long Blades
  6895 | D:6      | Found a hazy altar of Hepliaklqana.
  6931 | D:6      | Reached XP level 9. HP: 63/63 MP: 11/15
  7867 | D:6      | Found a glowing golden altar of the Shining One.
  8025 | D:6      | Found a shimmering altar of Xom.
  8226 | D:5      | Bought a pair of masterwork boots for 237 gold pieces
  8226 | D:5      | Identified the +2 pair of boots "Itomp" {+Inv Regen+} (You
                  | bought it in a shop on level 5 of the Dungeon)
  8233 | D:5      | Bought a scroll of noise for 14 gold pieces
  8427 | D:7      | Found an ornate altar of the Wu Jian Council.
  8721 | D:7      | Reached skill level 1 in Shields
  8746 | D:7      | Found a shimmering blue altar of Sif Muna.
  8800 | D:7      | Found a snail-covered altar of Cheibriados.
  8801 | D:7      | Noticed a torpor snail
  8970 | D:5      | Bought a scroll of silence for 105 gold pieces
  8970 | D:5      | Bought a scroll of enchant weapon for 105 gold pieces
  9357 | D:8      | Noticed Maurice
  9417 | D:8      | You fall into a shaft and drop 2 floors!
  9417 | D:10     | Entered Level 10 of the Dungeon
  9429 | D:10     | Found a radiant altar of Vehumet.
  9661 | D:10     | Noticed a gargoyle
  9671 | D:10     | Killed a gargoyle
  9719 | D:10     | Noticed a troll
  9729 | D:10     | Killed a troll
  9764 | D:9      | Noticed a two-headed ogre
  9792 | D:10     | Reached XP level 10. HP: 61/70 MP: 12/16
  9817 | D:9      | Noticed a two-headed ogre
  9924 | D:10     | Noticed a two-headed ogre
  9955 | D:10     | Killed a two-headed ogre
 10085 | D:10     | Found a staircase to the Lair.
 10181 | D:10     | Reached skill level 5 in Fighting
 10250 | D:10     | Reached skill level 5 in Dodging
 10255 | D:10     | Learned a level 3 spell: Lesser Beckoning
 10980 | D:10     | Killed a two-headed ogre
 11224 | D:8      | Found a stormy altar of Qazlal.
 11227 | D:8      | You fall into a shaft and drop 2 floors!
 11409 | D:8      | Reached XP level 11. HP: 86/86 MP: 17/17
 11542 | D:8      | Killed Maurice
 11665 | D:9      | Killed a two-headed ogre
 12261 | D:9      | Reached skill level 10 in Fighting
 12813 | D:11     | Found a staircase to the Orcish Mines.
 12930 | D:11     | Reached skill level 5 in Stealth
 13188 | D:12     | Noticed a boulder beetle
 13201 | D:12     | Killed a boulder beetle
 13388 | D:12     | Noticed Psyche
 13388 | D:12     | Noticed a two-headed ogre
 13397 | D:12     | Killed a two-headed ogre
 13523 | D:12     | Noticed a two-headed ogre
 13573 | D:12     | Killed a two-headed ogre
 13672 | D:12     | Found a portal to a secret trove of treasure.
 13757 | D:12     | Noticed a tengu warrior
 13757 | D:12     | Noticed a tengu warrior
 13758 | D:12     | Noticed a manticore
 13791 | Orc:1    | Entered Level 1 of the Orcish Mines
 13808 | Orc:1    | Noticed an orc high priest
 13867 | Orc:1    | Noticed a sun demon
 13982 | Orc:1    | Noticed a soul eater
 13987 | Orc:1    | Killed an orc high priest
 14272 | Orc:1    | Reached XP level 12. HP: 97/97 MP: 18/18
 14363 | Orc:1    | Reached skill level 10 in Dodging
 14576 | Orc:1    | Identified the +1 short sword "Killer Bee's Regret"
                  | {antimagic, Fragile rElec rF+ SInv}
 14686 | Orc:1    | Identified the ring "Rauged" {Contam rElec rC+ Int+4 Dex+3}
 14686 | Orc:1    | Noticed an orc warlord
 14691 | Orc:1    | Reached skill level 6 in Ice Magic
 14692 | Orc:1    | Reached skill level 5 in Spellcasting
 14695 | Orc:1    | Noticed an orc warlord
 14724 | Orc:1    | Killed an orc warlord
 14725 | Orc:1    | Reached skill level 7 in Ice Magic
 14788 | Lair:1   | Entered Level 1 of the Lair of Beasts
 14956 | Lair:1   | Noticed a four-headed hydra
 14987 | Lair:1   | Reached skill level 8 in Ice Magic
 14991 | Lair:1   | Noticed an eight-headed hydra
 15017 | Lair:1   | Killed an eight-headed hydra
 15225 | Orc:1    | Identified the ring "Qano" {rPois rF+ rN+ Str+6}
 15483 | D:12     | Noticed a boulder beetle
 15813 | Orc:1    | Identified the +4 arbalest "Gyunas" {vorpal, *Slow rElec
                  | rN+ Dex+2}
 15827 | Orc:1    | Reached skill level 9 in Ice Magic
 16098 | Orc:1    | Learned a level 3 spell: Swiftness
 16101 | Orc:1    | Learned a level 2 spell: Passwall
 16163 | Orc:2    | Entered Level 2 of the Orcish Mines
 16163 | Orc:2    | Noticed Josephine
 16173 | Orc:1    | Killed Josephine
 16174 | Orc:1    | Reached skill level 1 in Transmutations
 16174 | Orc:1    | Reached skill level 1 in Air Magic
 16177 | Orc:1    | Reached skill level 1 in Earth Magic
 16235 | Orc:1    | Gained mutation: You can hop long distances. [Barachi
                  | growth]
 16235 | Orc:1    | Reached XP level 13. HP: 95/103 MP: 17/23
 16864 | Orc:2    | Noticed Snorg
 17061 | Orc:2    | Learned a level 5 spell: Freezing Cloud
 17065 | Orc:2    | Found Ahini's Magic Scroll Emporium.
 17133 | Orc:2    | Reached skill level 1 in Conjurations
 17188 | Orc:2    | Found Jossulecs's Distillery.
 17387 | Orc:2    | Bought a scroll of fear for 45 gold pieces
 17387 | Orc:2    | Bought a scroll of holy word for 97 gold pieces
 17387 | Orc:2    | Bought a scroll of summoning for 123 gold pieces
 17387 | Orc:2    | Bought a scroll of identify for 26 gold pieces
 17387 | Orc:2    | Bought a scroll of identify for 26 gold pieces
 17388 | Orc:2    | Identified a scroll of acquirement
 17881 | Orc:2    | Reached skill level 5 in Air Magic
 18031 | Orc:2    | Paralysed by an orc sorcerer for 3 turns
 18048 | Orc:2    | Reached skill level 5 in Conjurations
 18048 | Orc:2    | Reached skill level 10 in Ice Magic
 18408 | Orc:2    | Found Vagaxut's Book Boutique.
 18408 | Orc:2    | Found Uhown's Antique Weapon Shop.
 18409 | Orc:2    | Found a one-way gate leading to the halls of Pandemonium.
 18445 | Orc:2    | Bought a potion of might for 56 gold pieces
 18445 | Orc:2    | Bought a potion of cancellation for 112 gold pieces
 18445 | Orc:2    | Bought a potion of attraction for 42 gold pieces
 18445 | Orc:2    | Bought a potion of flight for 42 gold pieces
 18445 | Orc:2    | Bought a potion of lignification for 42 gold pieces
 18553 | Orc:2    | Found a staircase to the Elven Halls.
 18557 | Orc:2    | Paralysed by an orc sorcerer for 2 turns
 18897 | Orc:2    | Killed Snorg
 18898 | Orc:2    | Reached skill level 11 in Ice Magic
 19263 | D:5      | Bought Sif Muna's Almanac of Weightlessness for 702 gold
                  | pieces
 19269 | D:5      | Learned a level 5 spell: Silence
 19269 | D:5      | Bought a tin of tremorstones (2/2) for 520 gold pieces
 19289 | D:5      | Killed Figureslego113's ghost
 19298 | D:5      | Reached skill level 1 in Hexes
 19487 | Lair:1   | Acquired the +9 sword of Zonguldrok {reap}
 19487 | Lair:1   | Found the +9 sword of Zonguldrok {reap}
 19546 | Lair:2   | Reached XP level 14. HP: 105/110 MP: 14/26
 19695 | Lair:3   | Reached skill level 5 in Evocations
 20414 | Lair:5   | You fall into a shaft and drop 1 floor!
 20414 | Lair:6   | Entered Level 6 of the Lair of Beasts
 20588 | Lair:5   | Found a staircase to the Slime Pits.
 21261 | Lair:5   | Reached skill level 5 in Hexes
 21399 | Lair:5   | Reached skill level 15 in Long Blades
 22884 | Lair:6   | Reached XP level 15. HP: 120/120 MP: 8/27
 23867 | Lair:4   | Found a staircase to the Swamp.
 24220 | Lair:3   | Identified the +0 chain mail of Zecwovo {Fly rC- Dex+6}
 24865 | Lair:2   | Found a staircase to the Snake Pit.
 25083 | D:11     | Killed an orc warlord
 25199 | D:12     | Reached skill level 15 in Fighting
 25245 | D:12     | Killed Psyche
 25812 | D:13     | Found a radiant altar of Vehumet.
 26522 | D:13     | Found a gate to the Vaults.
 26939 | D:14     | Noticed Kirke
 26975 | D:14     | Killed Kirke
 27182 | D:14     | Reached skill level 12 in Ice Magic
 27310 | D:14     | Reached XP level 16. HP: 136/138 MP: 15/28
 27689 | D:15     | Entered Level 15 of the Dungeon
 28097 | D:15     | Found a staircase to the Depths.
 28482 | D:15     | Found a transporter.
 28494 | D:15     | Found a transporter.
 28505 | D:15     | Noticed Ruqebled's ghost (journeyman DjFE)
 28510 | D:15     | Found a one-way gate to the infinite horrors of the Abyss.
 29337 | Swamp:1  | Entered Level 1 of the Swamp
 29750 | Swamp:2  | Reached skill level 13 in Ice Magic
 29858 | Swamp:3  | Noticed a thorn hunter
 29881 | Swamp:3  | Killed a thorn hunter
 30175 | Swamp:4  | Entered Level 4 of the Swamp
 30264 | Swamp:3  | Identified the ring "Holitot" {Fire rPois MP+9 Str+4 Dex+4}
 30383 | Swamp:2  | Reached skill level 14 in Ice Magic
 30612 | Swamp:3  | Found a runed translucent gate.
 30613 | Swamp:3  | Found a runed translucent gate.
 30620 | Swamp:3  | Found a runed translucent gate.
 30633 | Swamp:3  | Paralysed by a hornet for 1 turns
 30974 | Swamp:3  | Noticed Racryxty's ghost (adept MiBe)
 30977 | Swamp:3  | Noticed a tentacled monstrosity
 31048 | Swamp:4  | Reached skill level 15 in Ice Magic
 31697 | Swamp:4  | Reached XP level 17. HP: 146/146 MP: 25/29
 31919 | Swamp:4  | Reached skill level 16 in Ice Magic
 32801 | Swamp:4  | Noticed a bone dragon
 32899 | Swamp:4  | Reached skill level 17 in Ice Magic
 33071 | Swamp:4  | Got a decaying rune of Zot
 33249 | Swamp:4  | Identified the +5 ring mail "Ubrumu" {rElec rPois Slay+2
                  | Stlth-}
 33666 | Elf:1    | Entered Level 1 of the Elven Halls
 33704 | Elf:1    | Identified the +4 falchion "Ittethrat" {vorpal, Contam rN+
                  | rCorr Stlth+}
 33731 | Elf:1    | Reached skill level 5 in Armour
 33994 | Elf:1    | Identified the +9 quarterstaff "Tixtuwog" {flame, rF+ rC+
                  | Int-4 Dex+9}
 34125 | Elf:2    | Found Itoo's Armour Shop.
 34125 | Elf:2    | Found Liegaoq's Antique Weapon Shop.
 34184 | Elf:2    | Found an ancient bone altar of Kikubaaqudgha.
 34706 | Elf:1    | Identified the ring "Naumeus" {rF+ rC+ MP+9}
 34730 | Elf:1    | Reached skill level 18 in Ice Magic
 34731 | Elf:1    | Identified the ring "Qaciez" {rPois rC- Str+6 Int+10 Dex-4}
 34732 | Elf:1    | Identified the ring of Gulobeoz {Int+6 Dex+2}
 34803 | Elf:1    | Identified the ring of Spite {rElec rN+ Dex-3 SInv}
 34941 | Elf:1    | Found Romoesirep's Assorted Antiques.
 35037 | Elf:1    | Paralysed by an air elemental for 1 turns
 35695 | Elf:1    | Identified the +6 short sword of Xeno {protect, rPois
                  | Will++ rCorr Dex-5}
 35866 | Elf:2    | Found Igeghosk's Distillery.
 35870 | Elf:2    | Bought a potion of curing for 60 gold pieces
 36087 | Elf:2    | Found a runed translucent gate.
 36088 | Elf:2    | Found a runed translucent gate.
 36089 | Elf:2    | Found a runed translucent gate.
 36365 | Elf:3    | Entered Level 3 of the Elven Halls
 36739 | Elf:3    | Reached XP level 18. HP: 123/153 MP: 24/31
 36751 | Elf:3    | Learned a level 9 spell: Polar Vortex
 36839 | Elf:3    | Reached skill level 19 in Ice Magic
 37031 | Elf:3    | Reached skill level 10 in Spellcasting
 37448 | Elf:3    | Found Ileshrunuce's General Store.
 37775 | Snake:1  | Entered Level 1 of the Snake Pit
 37824 | Snake:1  | Noticed Aizul
 37848 | Lair:2   | Killed Aizul
 38977 | Snake:1  | Reached skill level 20 in Ice Magic
 39525 | Snake:1  | Noticed Mlioglotl
 39755 | Snake:2  | Found a frozen archway.
 39822 | IceCv    | Entered an ice cave
 40728 | IceCv    | Noticed a golden dragon
 41080 | IceCv    | Identified the ring of Koifeese {+Blink Will+ Dex+2}
 41587 | Snake:4  | Entered Level 4 of the Snake Pit
 42178 | Snake:3  | Reached skill level 21 in Ice Magic
 42249 | Snake:3  | Reached XP level 19. HP: 158/159 MP: 31/35
 42962 | Snake:3  | Found Omoal's Book Shoppe.
 42965 | Snake:3  | Found Osti's Jewellery Shoppe.
 42986 | Snake:3  | Bought the ring of Zailieha {rPois Will+ MP+9 Str+3 Slay-4}
                  | for 368 gold pieces
 44115 | Snake:4  | Noticed Agnes
 44124 | Snake:4  | Killed Agnes
 44700 | Snake:4  | Reached skill level 22 in Ice Magic
 45747 | Snake:4  | Got a serpentine rune of Zot
 45947 | Snake:1  | Found a runed translucent gate.
 45947 | Snake:1  | Found a runed translucent gate.
 45947 | Snake:1  | Found a runed translucent gate.
 45948 | Snake:1  | Noticed Thraspic's ghost (journeyman SpDe)
 46363 | Elf:3    | Paralysed by an air elemental for 1 turns
 46366 | Elf:3    | Paralysed by an air elemental for 1 turns
 46685 | Elf:3    | Reached skill level 15 in Spellcasting
 46696 | Elf:3    | Reached XP level 20. HP: 119/166 MP: 10/39
 47066 | Elf:3    | Identified the +8 rapier "Ycziump" {freeze, rPois rN+ Dex-5
                  | SInv}
 47077 | Elf:3    | Reached skill level 23 in Ice Magic
 47104 | Elf:3    | Identified the +2 leather armour of Vehumet's Castigation
                  | {rPois rN+ Int+2}
 47213 | Elf:3    | Identified the +1 plate armour of the Butterfly {Rampage
                  | rPois}
 47547 | Elf:3    | Identified the +8 halberd of Eternal Vigilance {freeze,
                  | rElec}
 47547 | Elf:3    | Identified the ring "Pesysea" {Wiz Dex+2 Stlth+}
 47865 | Elf:3    | Identified the +3 hand crossbow "Fish" {speed, rElec rC+}
 47973 | Elf:3    | Reached XP level 21. HP: 166/166 MP: 39/41
 48295 | Vaults:1 | Entered Level 1 of the Vaults
 48597 | Vaults:1 | Identified the +3 scale mail of the Present {Regen+ Str+3
                  | Dex+3}
 48625 | Vaults:1 | Noticed Asterion
 49532 | Vaults:1 | Identified the +0 helmet "Biuher" {Fly rC+ Slay+2}
 50026 | Vaults:1 | Reached skill level 24 in Ice Magic
 50246 | Vaults:1 | Killed Asterion
 50350 | Vaults:1 | Reached XP level 22. HP: 180/180 MP: 42/42
 50895 | Vaults:2 | Reached skill level 25 in Ice Magic
 51281 | Vaults:2 | Found Leokliho's Assorted Antiques.
 52593 | Vaults:3 | Reached XP level 23. HP: 190/190 MP: 38/44
 52607 | Vaults:3 | Reached skill level 5 in Shields
 52979 | Vaults:3 | Noticed Margery
 52990 | Vaults:3 | Killed Margery
 53190 | Vaults:3 | Found a staircase to the Crypt.
 53268 | Vaults:3 | Noticed Mennas
 53792 | Vaults:3 | Noticed an ancient lich
 53812 | Vaults:3 | Killed an ancient lich
 53948 | Vaults:3 | Reached skill level 10 in Shields
 54293 | D:15     | Killed Ruqebled's ghost
 54400 | D:15     | Learned a level 5 spell: Metabolic Englaciation
 54754 | D:12     | You paid a toll of 7 scrolls of fear to enter a treasure
                  | trove
 54755 | Trove    | Entered a treasure trove
 55542 | Vaults:3 | You are sucked into a shaft and drop 1 floor!
 56123 | Vaults:4 | Found Ellonnuc's General Store.
 56169 | Vaults:4 | Found a flickering gateway to a bazaar.
 56190 | Bazaar   | Entered a bazaar
 56204 | Bazaar   | Found Luku's Antique Weapon Shoppe.
 56204 | Bazaar   | Found Taesauf's Antique Armour Emporium.
 56226 | Bazaar   | Found Taprilec's Assorted Antiques.
 56226 | Bazaar   | Found Taor's Antique Armour Emporium.
 56248 | Bazaar   | Found Hempu's Magic Scroll Shoppe.
 56248 | Bazaar   | Found Vaqeorig's Weapon Emporium.
 56301 | Bazaar   | Bought a polished helmet for 237 gold pieces
 56301 | Bazaar   | Identified the +2 helmet of Emefik {-Tele rF+ Regen+
                  | Stlth+} (You bought it in a shop in a bazaar)
 56301 | Bazaar   | Bought a pair of dazzling boots for 237 gold pieces
 56301 | Bazaar   | Identified the -5 pair of boots of Tomorrow {rPois Slay+3}
                  | (You bought it in a shop in a bazaar)
 56311 | Bazaar   | Bought a faintly humming scale mail for 243 gold pieces
 56311 | Bazaar   | Identified the +0 scale mail of Inference {rPois rN+ Will+
                  | Regen+} (You bought it in a shop in a bazaar)
 56325 | Bazaar   | Bought a steaming chain mail for 152 gold pieces
 56325 | Bazaar   | Identified the +0 chain mail "Xiacryir" {Stlth+} (You
                  | bought it in a shop in a bazaar)
 56352 | Bazaar   | Bought a scroll of magic mapping for 38 gold pieces
 56352 | Bazaar   | Bought 2 scrolls of magic mapping for 77 gold pieces
 56352 | Bazaar   | Bought a scroll of magic mapping for 38 gold pieces
 56352 | Bazaar   | Bought a scroll of teleportation for 33 gold pieces
 56685 | Vaults:4 | Found Cetreown's Antique Armour Shop.
 57052 | Vaults:4 | Killed from afar by a war gargoyle

Illustrated notes

Levels and vault maps discovered:
D:1:      wander_arrival_lonely_grave, layout_basic,
          shapermc_ecumenical_altar_mp_vishouse
D:2:      layout_basic
D:3:      layout_rooms, mainiacjoe_overflow_brackets, lemuel_crystal_altar,
          mainiacjoe_overflow_surrounded_room
D:4:      layout_loops_corners, mainiacjoe_overflow_six_doors_small,
          minmay_temple_entry_statues
D:5:      layout_rooms, mainiacjoe_overflow_catwalk, serial_rivers,
          chequers_serial_rivers_small_3, chequers_serial_rivers_micro_c,
          chequers_serial_rivers_room_a, chequers_serial_rivers_micro_b,
          chequers_serial_rivers_room_a, gammafunk_ghost_stat_death,
          nicolae_elemental_shop, nicolae_wooded_promenade, item_on_display_b
D:6:      layout_gridville, xom_teletrap_fun, mainiacjoe_overflow_alcove_2,
          mainiacjoe_overflow_small_starburst, minmay_quadrilaterals,
          uniq_eustachio
D:7:      layout_basic, amcnicky_altar_gilded, nicolae_overflow_crystal_walls,
          cheibriados_altar_2
D:8:      layout_gridville, grunt_qazlal_clouds, uniq_maurice
D:9:      layout_rooms, grunt_ministairs_13
D:10:     layout_basic, overflow_temple_1_default, due_lair_maze_entry_diamond
D:11:     layout_irregular_city, minmay_orc_entry_guard_dogs
D:12:     layout_basic, enter_trove_6, uniq_psyche
D:13:     layout_roguey, hangedman_vaults_entry_quadrant_bands,
          nicolae_vehumet_altar_sigil
D:14:     layout_basic, minivault_4, uniq_kirke
D:15:     hangedman_depths_entry_try_elsewhere_first, layout_loops_ring,
          gammafunk_ghost_abyssal_escape, serial_aquarium,
          aquarium_bridge_long_separate [aquarium_subvault_wall,
          aquarium_subvault_bridge, aquarium_subvault_bridge,
          aquarium_subvault_window, aquarium_subvault_window,
          aquarium_subvault_bridge], aquarium_window_2,
          aquarium_window_corridor_1, aquarium_view_2d, aquarium_view_2e,
          aquarium_pool_1, minmay_misc_feat_diagonals
Temple:   nicolae_temple_figure_zero
Lair:1:   layout_cave_shapes, serial_bayou_pond_b, infiniplex_staircase_pool,
          grunt_megastairs_1, serial_bayou_shore_a
Lair:2:   layout_cave_pods, guppyfry_snake_entry_garden, serial_bayou_shore_b
Lair:3:   layout_gridlike, kennysheep_basilisk_garden
Lair:4:   layout_cave_pods, nicolae_swamp_entry_splash_gauntlet
Lair:5:   layout_cave_pods, slime_dummy, serial_bayou_lagoon_b,
          serial_bayou_shore_b, wad_woods_river_01
Lair:6:   minmay_lair_end_enchanted_forest, layout_gridlike
Swamp:1:  layout_basic_swamp, serial_swamp_ruin, evilmike_swamp_ruin_house_2,
          evilmike_swamp_ruin_house_4, swamp_pool3, st_swamp_ruins_1,
          uniq_frances
Swamp:2:  layout_falls_marsh, hangedman_swamp_diagram, swamp_pool1
Swamp:3:  layout_basic_swamp, gammafunk_ghost_split,
          evilmike_swamp_ruin_rubble_1, infiniplex_staircase_pool_2
Swamp:4:  swamp_pestilence, layout_basic_swamp
Snake:1:  hangedman_cross_stitches, layout_gridlike, ebering_ghost_rock_garden,
          nicolae_snake_gridmaze_big_u, hangedman_snake_corridor_cut,
          uniq_mlioglotl, uniq_aizul
Snake:2:  layout_chambers, portal_ice_cave_entry_frozen_things, drop_trap,
          grunt_megastairs_5
Snake:3:  layout_onion, minmay_shop_star, lemuel_fruit_tree, grunt_megastairs_2
Snake:4:  snake_pit_salamanders_mu, layout_gridlike, serial_bayou_crossing,
          uniq_agnes
Orc:1:    layout_diamond_mine, minmay_orc_treasury
Orc:2:    pf_orc_diabolical, layout_diamond_mine, uniq_snorg, uniq_josephine
Elf:1:    minmay_the_grid_triangle_9x9_recursive_2_mashed
          [minmay_the_grid_triangle_9x9_prize_special,
          minmay_the_grid_triangle_9x9_flanged_cone,
          minmay_the_grid_triangle_9x9_steps,
          minmay_the_grid_triangle_9x9_limited_checkers], layout_onion_city,
          serial_shops, shop, evilmike_minifort
Elf:2:    nicolae_elf_blades_splatter_lattice
          [nicolae_blade_entry_diamond_columns], layout_geoelf_octagon,
          basic_altar, serial_shops, shop, shop, shop
Elf:3:    minmay_elf_hall_not_hex, layout_geoelf_octagon, serial_shops,
          nicolae_shop_waterfront
Vaults:1: nicolae_vaults_murderbox, v_misc_25, nicolae_vaults_little_squares_6,
          nicolae_vaults_little_squares_6, nicolae_vaults_mini_display_case,
          nicolae_vaults_gold_heap, nicolae_vaults_little_squares_4,
          layout_vaults_omnigrid, uniq_asterion
Vaults:2: ontoclasm_vaults_ring_large, v_rooms_1, v_misc_3,
          ontoclasm_vaults_idyll, grunt_vaults_trifunnel, v_pattern_1, v_misc_4,
          vaults_dpeg_doors, nicolae_vaults_little_squares_3, v_misc_12,
          nicolae_vaults_ring_of_whatevers, v_misc_25, layout_vaults_omnicross,
          serial_shops, nicolae_diamond_shop
Vaults:3: v_misc_13, nicolae_vaults_quadrants, vaults_room_door_ring,
          nicolae_vaults_network_square, v_misc_23, vaults_dpeg_hooks,
          layout_vaults_chaotic_city, minmay_crypt_entry_simple_box,
          uniq_mennas, uniq_margery
Vaults:4: vaults_dpeg_ring, vaults_room_corners, nicolae_vaults_theta,
          nicolae_vaults_little_squares_6, vaults_room_hallway,
          ontoclasm_vaults_pinch, ontoclasm_vaults_bender, vaults_room_fours,
          grunt_vaults_hallway_short, grunt_vaults_funnel,
          hangedman_vaults_hard_town_square, vaults_room_door_ring,
          vaults_room_corners, layout_vaults_ring, serial_shops, bzr_entry_road,
          shop, shop, shop, uniq_bai_suzhen

Skill      XL: |  1  2  3  4  5  6  7  8  9 10 11 12 13 14 15 16 17 18 19 20 21 22 23 |
---------------+----------------------------------------------------------------------+-----
Stealth        | 1 2 3 5 |  5.0
Long Blades    | 3 7 10 13 14 16 | 16.0
Ice Magic      | 2 4 5 9 11 12 15 18 21 22 23 24 25 | 25.0
Evocations     | 1 2 3 4 5 |  5.0
Spellcasting   | 4 7 8 9 12 15 16 17 | 17.0
Fighting       | 3 8 10 12 16 18 | 18.2
Armour         | 2 3 6 |  6.0
Shields        | 4 12 | 12.6
Dodging        | 5 9 10 11 13 | 13.0
Translocations | 4 |  4.0
Transmutations | 2 |  2.0
Air Magic      | 2 6 7 |  7.0
Earth Magic    | 1 2 |  2.0
Conjurations   | 6 |  6.1
Hexes          | 1 7 |  7.0
Throwing       | |  1.0

Action                   |  1- 3 |  4- 6 |  7- 9 | 10-12 | 13-15 | 16-18 | 19-21 | 22-24 || total
-------------------------+-------+-------+-------+-------+-------+-------+-------+-------++-------
Melee: Falchion          |   155 |    97 |    54 |       |       |       |       |       ||   306
       Staff             |       |    24 |     7 |       |       |       |       |       ||    31
       Long sword        |       |       |   177 |   405 |   222 |       |       |       ||   804
       Double sword      |       |       |       |       |   368 |   896 |   421 |   383 ||  2068
Throw: Dart              |       |       |     6 |    58 |    43 |    12 |       |       ||   119
 Cast: Frozen Ramparts   |     2 |    15 |    34 |    75 |   112 |    91 |    88 |    49 ||   466
       Lesser Beckoning  |       |       |       |    16 |    19 |    30 |    18 |    16 ||    99
       Freezing Cloud    |       |       |       |       |   116 |   176 |   115 |    66 ||   473
       Blink             |       |       |       |       |       |    10 |     2 |     3 ||    15
       Swiftness         |       |       |       |       |       |     3 |     1 |       ||     4
       Passwall          |       |       |       |       |       |       |     3 |       ||     3
       Polar Vortex      |       |       |       |       |       |       |     3 |     4 ||     7
       Metabolic Englaci |       |       |       |       |       |       |       |     1 ||     1
       Silence           |       |       |       |       |       |       |       |     1 ||     1
 Abil: Hop               |       |       |       |     2 |     6 |     4 |     1 |     2 ||    15
Evoke: Wand              |       |       |       |     7 |     1 |     1 |     3 |     1 ||    13
       Tin of tremorston |       |       |       |       |     1 |     1 |       |       ||     2
  Use: Potion            |       |     1 |     1 |       |       |     1 |     2 |       ||     5
       Scroll            |       |       |     6 |     8 |     7 |     3 |     2 |     2 ||    28
 Stab: Sleeping          |     1 |     3 |     3 |     1 |     2 |     4 |     3 |     1 ||    18
       Distracted        |       |       |       |     3 |     6 |     4 |     5 |     1 ||    19
Armor: Leather armour    |    47 |    44 |    80 |    68 |    78 |    87 |       |       ||   404
       Skin              |       |       |       |     1 |       |       |       |       ||     1
       Ring mail         |       |       |       |       |       |   146 |   112 |    81 ||   339
Dodge: Dodged            |   113 |    70 |   115 |   218 |   272 |   602 |   216 |   168 ||  1774
Block: Buckler           |       |       |     7 |    69 |    93 |   179 |    65 |    62 ||   475

Table legend: (Time is in decaauts)
 A = Elapsed time spent in this place.
 B = Non-inter-level travel time spent in this place.
 C = Inter-level travel time spent in this place.
 D = Time resting spent in this place.
 E = Time spent auto-exploring this place.
 F = Levels seen in this place.
 G = Mean time per level.
                   A        B        C        D        E       F      G
               +--------+--------+--------+--------+--------+-----+--------+
         Total |  62618 |  56748 |   5870 |   7488 |  31445 |  42 | 1490.9 |
       Dungeon |  21932 |  19461 |   2471 |   1444 |  13734 |  15 | 1462.1 |
        Temple |    165 |    155 |     10 |      0 |    133 |   1 |  165.0 |
          Lair |   7030 |   6287 |    743 |    400 |   4270 |   6 | 1171.7 |
         Swamp |   4476 |   4140 |    336 |    870 |   1334 |   4 | 1119.0 |
     Snake Pit |   7268 |   6735 |    533 |   1144 |   3411 |   4 | 1817.0 |
  Orcish Mines |   5347 |   4732 |    615 |    785 |   2075 |   2 | 2673.5 |
   Elven Halls |   6238 |   5655 |    583 |   1473 |   1816 |   3 | 2079.3 |
        Vaults |   8414 |   7838 |    576 |    910 |   4560 |   4 | 2103.5 |
        Bazaar |    212 |    212 |      0 |      0 |     89 |   1 |  212.0 |
         Trove |     64 |     64 |      0 |      0 |     19 |   1 |   64.0 |
      Ice Cave |   1466 |   1466 |      0 |    458 |      0 |   1 | 1466.0 |
               +--------+--------+--------+--------+--------+-----+--------+

Top non-repeatable levels by time:
   Orc:2: 3223 daAuts
   Elf:3: 3015 daAuts
 Snake:4: 2755 daAuts
Vaults:1: 2473 daAuts
Vaults:3: 2423 daAuts
     D:6: 2417 daAuts
 Swamp:4: 2381 daAuts
  Lair:6: 2356 daAuts
   Elf:1: 2156 daAuts
   Orc:1: 2124 daAuts
    D:10: 2106 daAuts
Vaults:2: 2051 daAuts
 Snake:1: 2020 daAuts
    D:15: 1894 daAuts
    D:13: 1737 daAuts
